AoeStats
← l1si

Black Forest

507798246Analyzed
2v2 RM · 2mo ago on Sep 19, 2026· 50m 7s· 4 players
Game mode
Random Map
Map size
Medium (4 player)
Population
200
Speed
Normal
Resources
Standard
Victory
Conquest
Starting age
Dark Age
Ending age
Imperial Age
RankedLock teamsTeams togetherTeam positionsShared explorationLock speedFull tech treeHidden civsTurbo modeCheats
Victory
Defeat
🇹🇷 Bulgarians · Türkiye
865
+16
🇬🇧 Mongols · United Kingdom
782
+26
vs
🇨🇾 Hindustanis · Cyprus
865
-18
🇨🇾 Persians · Cyprus
865
-18
Laiklik
0:34 Loom
11:42 Feudal Age
12:16 Double-Bit Axe
15:47 Arson
17:36 Horse Collar
20:21 Wheelbarrow
20:24 Stone Mining
24:25 Castle Age
22:57 Arson
24:13 Forging
24:11 Scale Barding Armor
24:09 Scale Mail Armor
25:33 Bow Saw
25:35 Gambesons
25:51 Squires
26:23 Gold Mining
29:00 Bloodlines
28:53 Husbandry
29:06 Heavy Plow
29:51 Caravan
38:04 Pikeman
39:52 Hand Cart
40:18 Iron Casting
40:03 Chain Barding Armor
39:59 Chain Mail Armor
39:36 Fletching
40:56 Herbal Medicine
41:17 Thumb Ring
43:04 Elite Skirmisher
50:59 Imperial Age
悟 GOKU 悟
1:57 Loom
14:08 Feudal Age
15:24 Wheelbarrow
14:53 Double-Bit Axe
15:18 Stone Mining
18:16 Castle Age
17:18 Gold Mining
17:12 Horse Collar
19:17 Hand Cart
30:40 Imperial Age
28:47 Fletching
29:23 Bodkin Arrow
29:56 Padded Archer Armor
29:56 Town Watch
30:26 Bow Saw
30:53 Gold Shaft Mining
30:56 Stone Shaft Mining
30:23 Heavy Plow
30:57 Ballistics
30:50 Capped Ram
33:34 Drill
32:40 Siege Ram
34:51 Elite Mangudai
36:37 Chemistry
35:41 Bracer
36:10 Conscription
36:20 Town Patrol
36:34 Nomads
38:17 Hoardings
37:14 Sappers
39:01 Leather Archer Armor
50:00 Pikeman
50:41 Squires
50:26 Arson
l1si
0:30 Loom
15:42 Feudal Age
16:49 Horse Collar
17:53 Wheelbarrow
17:13 Double-Bit Axe
25:46 Castle Age
24:33 Stone Mining
24:37 Gold Mining
24:48 Fletching
24:59 Padded Archer Armor
27:19 Stone Shaft Mining
27:13 Bow Saw
28:34 Gold Shaft Mining
28:03 Crossbowman
28:47 Bodkin Arrow
46:22 Heavy Plow
47:18 Hand Cart
48:25 Squires
47:45 Pikeman
LEO420
0:57 Loom
13:34 Feudal Age
13:50 Feudal Age
14:47 Double-Bit Axe
15:31 Gold Mining
16:37 Wheelbarrow
16:29 Horse Collar
22:58 Castle Age
26:16 Bow Saw
26:46 Gold Shaft Mining
26:01 Stone Mining
27:05 Stone Mining
29:52 Hand Cart
29:58 Fortified Wall
34:17 Imperial Age
31:32 Town Watch
33:52 Scale Barding Armor
33:57 Forging
34:39 Bloodlines
34:30 Husbandry
34:25 Heavy Camel Rider
35:15 Heavy Camel Rider
36:51 Chain Barding Armor
37:06 Iron Casting
38:31 Stone Shaft Mining
39:41 Chemistry
39:02 Ballistics
40:54 Shatagni
43:29 Grand Trunk Road
44:38 Caravan
45:10 Imperial Camel Rider
46:53 Blast Furnace
46:29 Plate Barding Armor
Connection lost

Rejoining the realm…

Still unreachable

The connection could not be restored.

Session expired

The server has moved on; the page needs a fresh start.